 Dungeon Crawl Stone Soup version 0.32-a0-540-g866d13106e (webtiles) character file.

Game seed: 16366332442028544220

5035 Pooter the Cleaver (level 10, -1/91 HPs)
             Began as a Minotaur Berserker on Feb 28, 2024.
             Was a Priest of Trog.
             Slain by an orc warrior
             ... wielding a +0 broad axe
              (7 damage)
             ... in a bailey on Feb 29, 2024.
             The game lasted 00:39:45 (6450 turns).

Pooter the Cleaver (Minotaur Berserker)             Turns: 6450, Time: 00:39:45

Health: -1/91      AC: 14    Str: 29    XL:     10   Next: 30%
Magic:  9/9        EV:  7    Int:  6    God:    Trog [***...]
Gold:   546        SH:  3    Dex: 11    Spells: 9/9 levels left

rFire   . . .        a - +3 war axe
rCold   . . .        o - +0 buckler
rNeg    . . .        w - +0 plate armour
rPois   .            (helmet restricted)
rElec   +            y - +2 cloak
rCorr   .            (no gloves)
SInv    .            (no boots)
Will    .....        (no amulet) Stlth
                     c - +6 ring of strength
HPRegen 0.35/turn    (no ring)
MPRegen 0.11/turn

%: no passive effects
@: on berserk cooldown, slowed, invisible, very slow
A: horns 2, retaliatory headbutt, talons 1, electricity resistance
a: Renounce Religion, Berserk, Trog's Hand


You were in a bailey.
You worshipped Trog.
Trog was most pleased with you.
You visited 1 branch of the dungeon, and saw 8 of its levels.
You also visited: Bailey.

You collected 867 gold pieces.
You spent 321 gold pieces at shops.

Inventory:

Hand Weapons
 a - a +3 war axe (weapon)
   (You took it off a wight on level 6 of the Dungeon)
 q - the +8 autumn katana {manifold assault}
   (You found it in a bailey)
 A - a +0 morningstar of draining
   (You took it off an orc on level 7 of the Dungeon)
Missiles
 i - 10 poisoned darts
 j - 2 throwing nets {!f}
 k - 2 javelins
 u - 5 curare-tipped darts
 z - 20 boomerangs (quivered)
 E - 4 atropa-tipped darts
 Q - 59 stones
Armour
 o - a +0 buckler (worn)
   (You found it on level 4 of the Dungeon)
 w - a +0 plate armour (worn)
   (You found it on level 6 of the Dungeon)
 y - a +2 cloak (worn)
   (You found it on level 7 of the Dungeon)
Jewellery
 c - a +6 ring of strength (left hand)
   (You found it on level 1 of the Dungeon)
Wands
 x - a wand of mindburst (19)
   (You found it on level 6 of the Dungeon)
Scrolls
 h - 2 scrolls of blinking
 l - 3 scrolls of vulnerability {!r}
 p - a scroll of immolation {!r}
 r - 2 scrolls of fog
 t - 4 scrolls of teleportation {@r4}
 v - 4 scrolls of silence
Potions
 b - a potion of berserk rage {unknown}
 d - 2 potions of haste {@q3}
 e - a potion of enlightenment {unknown}
 f - 3 potions of mutation {!q}
 g - a potion of lignification {unknown}
 m - a potion of attraction {unknown}
 n - a potion of invisibility
 s - a potion of curing {@q1}
 B - a potion of ambrosia
 C - a potion of resistance {unknown}
 D - a potion of magic {unknown}


   Skills:
 + Level 9.0 Fighting
 * Level 12.1 Axes
 - Level 6.9 Throwing
 - Level 2.4 Armour
 - Level 2.1 Dodging
 * Level 5.9 Evocations


You had 9 spell levels left.
You didn't know any spells.
Your spell library was empty.

Dungeon Overview and Level Annotations

Branches:
Dungeon (8/15) Zot: 26773  Temple (0/1) D:4            Lair (0/5) D:8
 Bailey (1/1) Zot: 5665

Altars:
Dithmenos
Elyvilon
Hepliaklqana
Ru
Uskayaw
Vehumet
Xom
Zin

Shops:
D:4 *[?(:


Innate Abilities, Weirdness & Mutations

You have a pair of horns on your head.
You reflexively headbutt those who attack you in melee.
You have sharp toenails.
You are resistant to electric shocks. (rElec)


Message History

The orc knight hits you but does no damage.
The orc knight barely misses you.
The orc warrior throws an atropa-tipped dart.
The atropa-tipped dart hits the orc warrior.
Aiming: Mindburst
Press: ? - help, Shift-Dir - straight line, f - orc knight
Aim: an orc knight, wielding a +0 war axe and wearing a +0 plate armour (lightly wounded, unable to see you, very poisoned, slow, chance to affect: 70%)
The orc knight's mind is blasted!
You feel the effects of Trog's Hand fading.
The orc warrior no longer looks unusually strong.
The kobold brigand hits you with a +0 war axe!
* * * LOW HITPOINT WARNING * * *
The orc knight hits you with a +0 war axe!
* * * LOW HITPOINT WARNING * * *
You hit the kobold brigand. Your kick misses the kobold brigand.
You headbutt the kobold brigand. You hit the orc knight.
The orc warrior no longer looks unusually strong.
The kobold brigand barely misses you. x2
The orc warrior throws an atropa-tipped dart.
The atropa-tipped dart barely misses you.
You barely miss the orc knight. You completely miss the kobold brigand.
The kobold brigand hits you with a +0 war axe.
* * * LOW HITPOINT WARNING * * *
The orc knight hits you but does no damage.
You hit the orc knight but do no damage.
You claw the orc knight. Your headbutt misses the orc knight.
You closely miss the kobold brigand. You closely miss the orc warrior.
The kobold brigand barely misses you. You furiously retaliate!
You headbutt the kobold brigand! The orc warrior barely misses you.
The orc knight hits you with a +0 war axe!
* * * LOW HITPOINT WARNING * * *
You strike the helpless orc warrior from behind!
You slash the orc warrior! Your headbutt misses the orc warrior.
You hit the kobold brigand.
You hit the orc knight but do no damage.
Your skin stops crawling.
You feel less strong-willed.
The kobold brigand hits you with a +0 war axe!
* * * LOW HITPOINT WARNING * * *
The orc warrior closely misses you.
The kobold brigand hits you but does no damage.
The orc knight barely misses you.
The orc warrior hits you with a +0 broad axe.
* * * LOW HITPOINT WARNING * * *
You slash the orc knight!
You headbutt the orc knight, but do no damage.
You hit the orc warrior but do no damage.
You hit the kobold brigand.
The kobold brigand hits you but does no damage.
The orc warrior hits you with a +0 broad axe!
You die...

.............
...........
......... .......
..... ... ###)###
##.oKo.##
#.o@ß...#
#∩.....∩#
##.....##
####))'####
##~.......~##
#~~.......~~###
...~~.......~~...
###~~.......~~###
..~~.......~~...


You could see an orc knight (unable to see you, poisoned, slow), 2 orc warriors
and a kobold brigand (unable to see you).

Vanquished Creatures
  An orc knight (Bailey)
  2 basilisks (D:8)
  Eustachio (D:4)
  A wyvern (D:8)
  A steam dragon (D:6)
  4 yaks (D:8)
  Menkaure (D:4)
  4 water moccasins (D:8)
  An ice beast (D:7)
  4 orc warriors (Bailey)
  A sky beast (D:6)
  2 black bears
  A laughing skull (D:8)
  An ogre (D:4)
  A centaur (D:7)
  A phantom (D:4)
  5 kobold brigands (Bailey)
  Blork the orc (D:4)
  A bullfrog (D:6)
  2 scorpions
  9 wights
  A bombardier beetle (D:3)
  6 hounds
  3 orc priests
  A sleepcap (D:6)
  A gnoll bouda (D:6)
  3 iguanas
  An orc wizard (D:7)
  Robin (D:4)
  4 gnolls (D:6)
  4 adders
  2 shadow imps
  3 white imps (D:6)
  21 orcs
  3 bats
  10 endoplasms
  5 giant cockroaches
  20 goblins
  3 hobgoblins
  2 jackals (D:4)
  18 kobolds
  6 quokkas
  6 ball pythons
  A frilled lizard (D:3)
  3 rats
173 creatures vanquished.

Notes
Turn   | Place    | Note
-------+----------+-------------------------------------------
     0 | D:1      | Pooter the Minotaur Berserker began the quest for the Orb.
     0 | D:1      | Reached XP level 1. HP: 19/19 MP: 0/0
   221 | D:1      | Reached XP level 2. HP: 25/27 MP: 1/1
   332 | D:1      | Reached skill level 4 in Axes
   332 | D:1      | Reached skill level 1 in Throwing
   490 | D:1      | Reached ** piety under Trog
   772 | D:2      | Reached XP level 3. HP: 33/33 MP: 2/2
  1525 | D:3      | Reached XP level 4. HP: 40/40 MP: 3/3
  1701 | D:3      | Found a hazy altar of Hepliaklqana.
  1745 | D:3      | Found a glowing silver altar of Zin.
  1856 | D:3      | Reached skill level 5 in Axes
  2011 | D:3      | Reached XP level 5. HP: 47/47 MP: 4/4
  2224 | D:4      | Noticed Eustachio
  2270 | D:4      | Killed Eustachio
  2271 | D:4      | Reached XP level 6. HP: 51/55 MP: 5/5
  2276 | D:4      | Noticed Blork the orc
  2340 | D:4      | Killed Blork the orc
  2341 | D:4      | Reached skill level 6 in Axes
  2382 | D:4      | Found Kipsynk's Antique Armour Emporium.
  2399 | D:4      | Reached skill level 5 in Fighting
  2521 | D:4      | Found Dushexeos's Weapon Emporium.
  2544 | D:4      | Reached XP level 7. HP: 58/61 MP: 6/6
  2545 | D:4      | Noticed Menkaure
  2562 | D:4      | Found Qily's Book Boutique.
  2574 | D:4      | Killed Menkaure
  2575 | D:4      | Reached skill level 7 in Axes
  2642 | D:4      | Noticed Robin
  2658 | D:4      | Killed Robin
  2729 | D:4      | Found a staircase to the Ecumenical Temple.
  2777 | D:4      | Found Jameyppifru's Magic Scroll Emporium.
  2787 | D:4      | Bought a scroll of revelation for 97 gold pieces
  2787 | D:4      | Bought a scroll of fog for 52 gold pieces
  2791 | D:4      | Found Kiotol's Assorted Antiques.
  2944 | D:5      | Entered Level 5 of the Dungeon
  3052 | D:5      | Reached skill level 5 in Throwing
  3151 | D:5      | Reached *** piety under Trog
  3229 | D:4      | Bought a scroll labelled WAAVON CAJO for 27 gold pieces
  3570 | D:5      | Reached skill level 8 in Axes
  3570 | D:5      | Reached XP level 8. HP: 70/70 MP: 7/7
  3838 | D:6      | Found a shadowy altar of Dithmenos.
  4394 | D:6      | Found a hide-covered altar of Uskayaw.
  4460 | D:4      | Bought an emerald potion for 24 gold pieces
  4460 | D:4      | Bought a murky amethyst potion for 24 gold pieces
  4501 | D:6      | Reached skill level 9 in Axes
  4853 | D:6      | Found a white marble altar of Elyvilon.
  4892 | D:6      | Reached skill level 1 in Evocations
  5249 | D:4      | Bought a scroll of enchant weapon for 97 gold pieces
  5326 | D:7      | Found a shimmering altar of Xom.
  5395 | D:7      | Gained mutation: You have sharp toenails. [potion of
                  | mutation]
  5395 | D:7      | Gained mutation: You are resistant to electric shocks.
                  | (rElec) [potion of mutation]
  5415 | D:7      | Found a radiant altar of Vehumet.
  5416 | D:7      | Found a sacrificial altar of Ru.
  5587 | D:7      | Reached XP level 9. HP: 79/79 MP: 8/8
  5953 | D:8      | Noticed a boulder beetle
  5972 | D:8      | Reached skill level 10 in Axes
  5972 | D:8      | Found a staircase to the Lair.
  5985 | D:8      | Reached skill level 11 in Axes
  5991 | D:8      | Reached skill level 5 in Evocations
  6121 | D:8      | Found a flagged portal.
  6130 | Bailey   | Entered a bailey
  6163 | Bailey   | Reached XP level 10. HP: 90/90 MP: 9/9
  6355 | Bailey   | Found the +8 autumn katana {manifold assault}
  6355 | Bailey   | Noticed an orc knight
  6363 | Bailey   | Killed an orc knight
  6431 | Bailey   | Noticed an orc knight
  6435 | Bailey   | Reached skill level 12 in Axes
  6450 | Bailey   | Slain by an orc warrior

Illustrated notes

Levels and vault maps discovered:
D:1:      tarquinn_simple_flora_water_e, layout_loops_ring
D:2:      layout_basic
D:3:      layout_loops_ring, nzn_hepliaklqana_mist_gate, zin_statuary
D:4:      layout_rooms, minmay_temple_entry_from_below_b, serial_shops, shop,
          shop, nicolae_shop_peninsula, nicolae_shop_overgrown_old_shop, shop,
          grunt_decor_cap, nicolae_tricolors, uniq_menkaure, uniq_robin,
          uniq_blork_the_orc, uniq_eustachio
D:5:      layout_loops_ring, minmay_door_square
D:6:      layout_loops_ring, old_standard_altar, kennysheep_mini,
          overflow_temple_1_default
D:7:      layout_basic, gammafunk_temple_overflow_statue,
          mainiacjoe_overflow_chevrons, minivault_26
D:8:      layout_basic, minmay_lair_entry_grove, enter_bailey_3,
          roderic_roman_lattice, nicolae_concentric_dashed_squares_wild,
          minmay_radiant
Bailey:   bailey_axe_3, bailey

Skill      XL: |  1  2  3  4  5  6  7  8  9 10 |
---------------+-------------------------------+-----
Axes           | 4 5 6 8 9 11 12 | 12.1
Throwing       | 1 2 3 4 5 6 |  6.9
Fighting       | 4 5 6 7 8 9 |  9.0
Evocations     | 1 5 |  5.9
Armour         | |  2.4
Dodging        | |  2.1

Action                     |  1- 3 |  4- 6 |  7- 9 | 10-12 || total
---------------------------+-------+-------+-------+-------++-------
  Melee: Hand axe          |    72 |    64 |    89 |       ||   225
         Headbutt          |    12 |     9 |    26 |     4 ||    51
         War axe           |       |       |   103 |    31 ||   134
         Kick              |       |       |    18 |     5 ||    23
  Throw: Stone             |       |       |    16 |       ||    16
         Dart              |       |       |     3 |     4 ||     7
         Boomerang         |       |       |    16 |       ||    16
 Invoke: Berserk           |     1 |     3 |     7 |     2 ||    13
         Trog's Hand       |     1 |     3 |     8 |     1 ||    13
  Evoke: Wand              |       |       |       |     1 ||     1
    Use: Scroll            |     3 |     1 |    10 |       ||    14
         Potion            |       |       |     1 |     2 ||     3
   Stab: Sleeping          |     2 |       |       |       ||     2
         Invisible         |       |       |       |     4 ||     4
 Armour: Animal skin       |    38 |    31 |    30 |       ||    99
         Plate armour      |       |       |   107 |    24 ||   131
         Chain mail        |       |       |    12 |       ||    12
  Dodge: Dodged            |    44 |    27 |    73 |    13 ||   157
  Block: Buckler           |       |    12 |    28 |     1 ||    41

Table legend: (Time is in decaauts)
 A = Elapsed time spent in this place.
 B = Non-inter-level travel time spent in this place.
 C = Inter-level travel time spent in this place.
 D = Time resting spent in this place.
 E = Time spent auto-exploring this place.
 F = Levels seen in this place.
 G = Mean time per level.
                   A        B        C        D        E       F      G
               +--------+--------+--------+--------+--------+-----+--------+
         Total |   6568 |   6145 |    423 |   1019 |   3903 |   9 |  729.8 |
       Dungeon |   6236 |   5813 |    423 |    950 |   3767 |   8 |  779.5 |
        Bailey |    332 |    332 |      0 |     69 |    136 |   1 |  332.0 |
               +--------+--------+--------+--------+--------+-----+--------+

Top non-repeatable levels by time:
     D:6: 1265 daAuts
     D:3: 969 daAuts
     D:5: 946 daAuts
     D:4: 789 daAuts
     D:1: 715 daAuts
     D:7: 704 daAuts
     D:2: 619 daAuts
  Bailey: 332 daAuts
     D:8: 226 daAuts
